 Dungeon Crawl Stone Soup version 0.23.2-33-g5129a83184 (webtiles) character file.

Game seed: 2799673837493412853

136 Exodus22XD the Shooter (level 4, 0/37 HPs)
             Began as a Centaur Hunter on July 1, 2019.
             Slain by a gnoll
             ... wielding a +0 halberd
              (7 damage)
             ... on level 3 of the Dungeon.
             The game lasted 00:05:08 (1836 turns).

Exodus22XD the Shooter (Centaur Hunter)             Turns: 1836, Time: 00:05:09

Health: 0/37       AC:  6    Str: 15    XL:     4   Next: 98%
Magic:  4/4        EV:  8    Int: 10    God:
Gold:   57         SH:  0    Dex: 10    Spells: 3/3 levels left

rFire    . . .     SeeInvis .   b - +0 short sword
rCold    . . .     Gourm    .   (no shield)
rNeg     . . .     Faith    .   m - +0 ring mail
rPois    .         Spirit   .   e - +0 helmet
rElec    .         Reflect  .   (no cloak)
rCorr    .         Harm     .   (no gloves)
MR       .....                  (no barding)
Stlth    ..........             (no amulet)
HPRegen  0.12/turn              (no ring)
MPRegen  0.09/turn              (no ring)

@: very quick
A: large, hooves 3, deformed body, speed 2, tough skin 3
a: no special abilities


You were on level 3 of the Dungeon.
You were not hungry.

You visited 1 branch of the dungeon, and saw 3 of its levels.

You collected 57 gold pieces.

Inventory:

Hand Weapons
 a - a +1 shortbow
 b - a +0 short sword (weapon)
Missiles
 d - an arrow
Armour
 c - a +0 leather armour
 e - a +0 helmet (worn)
 m - a +0 ring mail (worn)
Scrolls
 g - 4 scrolls of identify {unknown}
 i - a scroll of magic mapping {unknown}
 j - a scroll of amnesia {unknown}
 l - a scroll of remove curse {unknown}
 p - 3 scrolls of random uselessness {unknown}
 r - a scroll of noise {unknown}
Potions
 h - a potion of flight {unknown}
 k - a potion of curing {unknown}
 n - a potion of ambrosia {unknown}
 o - 2 potions of haste {unknown}
Comestibles
 f - 4 rations
 q - a chunk of flesh


   Skills:
 * Level 2.5 Fighting
 + Level 7.4 Bows
 + Level 1.1 Armour
 + Level 1.6 Dodging
 - Level 0.4 Stealth


You had 3 spell levels left.
You didn't know any spells.
Your spell library was empty.

Dungeon Overview and Level Annotations

Branches:
Dungeon (3/15)

Altars:
Dithmenos
Wu Jian


Innate Abilities, Weirdness & Mutations

You have hooves in place of feet.
Armour fits poorly on your strangely shaped body.
You cover ground very quickly.
You have extremely tough skin. (AC +3)


Message History

The bat closely misses you. The goblin barely misses you.
The gnoll hits you from afar with a +0 halberd.
You hit the goblin.
You kill the goblin!
The bat hits you.
The gnoll hits you from afar with a +0 halberd.
* * * LOW HITPOINT WARNING * * *
The rat completely misses you. The bat closely misses you.
You barely miss the gnoll.
The gnoll is severely wounded.
The bat hits you but does no damage. The gnoll barely misses you.
The rat completely misses you.
You barely miss the gnoll.
The gnoll is severely wounded.
The bat barely misses you. The gnoll barely misses you. The rat bites you.
* * * LOW HITPOINT WARNING * * *
You barely miss the gnoll.
The gnoll is severely wounded.
The bat hits you but does no damage. The gnoll hits you with a +0 halberd!
You die...

(..... ....... .......
.....(.......#..# #......
.....(((..##... #......
......>......# #####......
.............###...#......
.#.......#...(..(.((......
...................(......
#........b.##.....(.....#
.#..g@g........(.....#
#.........r.#).....(......
.....#......####<......#..
.... #......# #####......
... ........# ###.... .#
..#.....## .#.# ...###.#..
##.# .. #.##.. .


You could see 2 gnolls, a bat and a rat.

Vanquished Creatures
  Robin (D:2)
  2 gnolls (D:3)
  2 adders (D:2)
  An ooze (D:2)
  A worm (D:2)
  4 dart slugs
  3 leopard geckos (D:1)
  A ball python (D:2)
  2 bats
  2 giant cockroaches (D:1)
  18 goblins
  10 hobgoblins
  7 jackals
  5 frilled lizards
  A kobold (D:1)
  5 rats
65 creatures vanquished.

Notes
Turn   | Place    | Note
-------+----------+-------------------------------------------
     0 | D:1      | Exodus22XD the Centaur Hunter began the quest for the Orb.
     0 | D:1      | Reached XP level 1. HP: 17/17 MP: 1/1
   115 | D:1      | Reached XP level 2. HP: 24/24 MP: 2/2
   182 | D:1      | Reached skill level 6 in Bows
   370 | D:1      | Reached XP level 3. HP: 29/29 MP: 3/3
   783 | D:2      | Noticed Robin
   790 | D:2      | Killed Robin
   790 | D:2      | Reached skill level 7 in Bows
   790 | D:2      | Reached XP level 4. HP: 36/36 MP: 4/4
   819 | D:2      | Found an ornate altar of the Wu Jian Council.
  1073 | D:2      | Found a shadowy altar of Dithmenos.
  1079 | D:2      | Reached skill level 1 in Armour
  1836 | D:3      | Slain by a gnoll

Skill      XL: |  1  2  3  4 |
---------------+-------------+-----
Bows           | 6 7 |  7.4
Armour         | 1 |  1.1
Fighting       | |  2.5
Dodging        | |  1.6
Stealth        | |  0.4

Action                   |  1- 3 |  4- 6 || total
-------------------------+-------+-------++-------
Melee: Short sword       |     4 |    41 ||    45
       Kick              |     1 |     6 ||     7
 Fire: Shortbow          |   101 |    48 ||   149
  Eat: Chunk             |       |     1 ||     1
Armor: Leather armour    |     6 |     5 ||    11
       Ring mail         |       |    39 ||    39
Dodge: Dodged            |     9 |    38 ||    47
